 Dungeon Crawl Stone Soup version 0.17.0-7-gfadd4cc (webtiles) character file.

310 st0uf the Insei (level 6, -2/50 HPs)
             Began as a Draconian Transmuter on Nov 8, 2015.
             Slain by Natasha (7 damage)
             ... on level 4 of the Dungeon.
             The game lasted 00:21:06 (4322 turns).

st0uf the Insei (Draconian Transmuter)              Turns: 4322, Time: 00:21:06

Health: -2/50      AC:  7    Str: 12    XL:     6   Next: 17%
Magic:  2/10       EV: 13    Int: 14    God:
Gold:   191        SH:  0    Dex: 13    Spells: 2 memorised, 8 levels left

rFire  . . .     SeeInvis .       - Unarmed
rCold  . . .     Clarity  +     (armour unavailable)
rNeg   . . .     SustAt   .     (no shield)
rPois  .         Gourm    .     (helmet restricted)
rElec  .         Spirit   .     q - +0 cloak {+Inv}
rCorr  .         Warding  .     (no gloves)
rMut   .         Stasis   .     (boots currently unavailable)
MR     .....                    f - amulet of clarity
Stlth  +.........               (no ring)
                                (no ring)

@: appendage, very slightly contaminated, not resistant to hostile enchantments,
very unstealthy
A: unfitting armour, talons 3, cold-blooded, AC +6
a: End Transformation, Evoke Invisibility


You were on level 4 of the Dungeon.
You were hungry.
You had grown temporary talons.
You visited 1 branch of the dungeon, and saw 4 of its levels.

You collected 210 gold pieces.
You donated 19 gold pieces to Zin.

Inventory:

Missiles
 a - 7 arrows
 d - 19 arrows of flame
Armour
 q - a +0 cloak of invisibility (worn)
Jewellery
 f - an amulet of clarity (around neck)
 l - an uncursed ring of fire
Scrolls
 e - a scroll of random uselessness
 k - 4 scrolls of remove curse
 m - a scroll of fear {unknown}
 n - 2 scrolls of magic mapping {unknown}
 r - 2 scrolls of identify {unknown}
 x - a scroll of amnesia {unknown}
Potions
 g - a potion of curing {unknown}
 h - a potion of ambrosia {unknown}
 j - 5 potions of invisibility {unknown}
 o - a potion of cancellation {unknown}
 p - 2 potions of mutation {unknown}
 s - a potion of lignification {unknown}
 v - 2 potions of degeneration {unknown}
 z - a potion of heal wounds {unknown}
Books
 b - a book of Changes

   Spells                             Type                      Level
   a - Beastly Appendage              Transmutation                1
   b - Sticks to Snakes               Transmutation                2
   c - Spider Form                    Transmutation/Poison         3
   d - Ice Form                       Ice/Transmutation            4
   e - Blade Hands                    Transmutation                5
 y - a book of the Warp

   Spells                             Type                      Level
   a - Recall                         Summoning/Translocation      3
   b - Gell's Gravitas                Hexes/Translocation          3
   c - Force Lance                    Conjuration/Translocation    4
   d - Phase Shift                    Translocation                5
   e - Warp Weapon                    Charms/Translocation         5
   f - Summon Forest                  Summoning/Translocation      5
Comestibles
 c - 5 bread rations
 t - a meat ration
 u - a beef jerky
 w - 8 chunks of flesh


   Skills:
 + Level 2.7 Fighting
 + Level 3.1 Dodging
 + Level 4.3 Unarmed Combat
 + Level 3.1 Spellcasting
 + Level 3.2 Transmutations


You had 8 spell levels left.
You knew the following spells:

 Your Spells              Type           Power        Failure   Level  Hunger
a - Beastly Appendage     Trmt           ##....       6%          1    #......
b - Sticks to Snakes      Trmt           ##........   10%         2    ##.....


Dungeon Overview and Level Annotations

Branches:
Dungeon (4/15)
 Temple: D:4-7

Altars:
Makhleb
Zin

Annotations:
D:4 Natasha


Innate Abilities, Weirdness & Mutations

Your plain brown scales are hard (AC +6).
Your body does not fit into most forms of armour.
You are cold-blooded and may be slowed by cold attacks.
You have claws for feet.


Message History

You tail-slap Natasha, but do no damage.
Natasha is moderately wounded.
Natasha claws you!
* * * LOW HITPOINT WARNING * * *
You hit Natasha.
You tail-slap Natasha, but do no damage.
Natasha is heavily wounded.
Natasha closely misses you.
You are feeling hungry.
You hit Natasha. Your kick misses Natasha.
Natasha is severely wounded.
You feel sick.
You are no longer poisoned.
Natasha claws you.
* * * LOW HITPOINT WARNING * * *
The quokka closely misses you.
You hit Natasha.
Natasha is almost dead.
Natasha claws you!
You die...

####)# #.# #.#
#.
######.###....
#$..........#
...####.###..# #
#######.# ..
#.##.###.......#
#....h@rs#######
####.###...... #
#####


You could see a scorpion, Natasha and a quokka.

Vanquished Creatures
  3 orc wizards
  Crazy Yiuf (D:2)
  2 orc priests (D:3)
  5 adders
  2 oozes (D:2)
  A worm (D:2)
  A giant gecko (D:1)
  7 orcs
  7 giant cockroaches
  11 hobgoblins
  8 bats
  A giant newt (D:2)
  3 goblins (D:2)
  8 kobolds
  16 rats
76 creatures vanquished.

Notes
Turn   | Place    | Note
--------------------------------------------------------------
     0 | D:1      | st0uf the Draconian Transmuter began the quest for the Orb.
     0 | D:1      | Reached XP level 1. HP: 16/16 MP: 3/3
   263 | D:1      | Reached XP level 2. HP: 21/23 MP: 3/5
   894 | D:2      | Reached XP level 3. HP: 21/28 MP: 4/6
   927 | D:2      | Found a burning altar of Makhleb.
   929 | D:2      | Noticed an Executioner
  1655 | D:2      | Reached XP level 4. HP: 19/36 MP: 5/7
  2071 | D:2      | Noticed Crazy Yiuf
  2080 | D:2      | Killed Crazy Yiuf
  2080 | D:2      | Reached skill level 4 in Unarmed Combat
  2417 | D:3      | Found a faded altar to an unknown god.
  2427 | D:3      | Became a worshipper of Zin the Law-Giver
  2427 | D:3      | Reached * piety under Zin
  2427 | D:3      | Reached ** piety under Zin
  2511 | D:3      | Fell from the grace of Zin
  2607 | D:3      | Reached XP level 5. HP: 28/41 MP: 8/8
  3978 | D:3      | Learned a level 2 spell: Sticks to Snakes
  4019 | D:3      | Reached XP level 6. HP: 34/50 MP: 7/10
  4313 | D:4      | Noticed Natasha
  4322 | D:4      | Slain by Natasha

Action                   |  1- 3 |  4- 6 || total
-------------------------+-------+-------++-------
Melee: Unarmed           |   162 |   198 ||   360
 Cast: Beastly Appendage |    30 |    27 ||    57
       Sticks to Snakes  |       |     5 ||     5
Invok: Renounce Religion |       |     1 ||     1
  Use: Scroll            |       |     3 ||     3
  Eat: Chunk             |     3 |     9 ||    12
